 Dungeon Crawl Stone Soup version 0.29.0-7-g18a832c13a (webtiles) character file.

Game seed: 10635939340638047962

367 Zeldest the Chopper (level 6, -8/50 HPs)
             Began as a Mummy Chaos Knight on Aug 30, 2022.
             Was a Plaything of Xom.
             Mangled by Menkaure (11 damage)
             ... on level 4 of the Dungeon.
             The game lasted 00:02:01 (2431 turns).

Zeldest the Chopper (Mummy Chaos Knight)            Turns: 2431, Time: 00:02:01

Health: -8/50      AC:  6    Str: 22    XL:     6   Next: 41%
Magic:  6/6        EV: 11    Int: 11    God:    Xom [..*...]
Gold:   135        SH:  0    Dex: 11    Spells: 5/5 levels left

rFire   x . .      SeeInvis .   i - +5 mace of Wadwicw {vorpal, Str+4}
rCold   + . .      Faith    .   (no shield)
rNeg    + + +      Spirit   .   b - +2 leather armour
rPois   ∞          Reflect  .   (no helmet)
rElec   .          Harm     .   e - +0 cloak
rCorr   .          Rampage  .   (no gloves)
Will    .....                   (no boots)
Stlth   +.........              (no amulet)
HPRegen 0.16/turn               (no ring)
MPRegen 0.10/turn               (no ring)

@: no status effects
A: cold resistance 1, negative energy resistance 3, torment resistance 2, heat
vulnerability 1, in touch with death 1, no potions
a: Renounce Religion


You were on level 4 of the Dungeon.
You worshipped Xom.
You were a toy of Xom.
You visited 1 branch of the dungeon, and saw 4 of its levels.

You collected 201 gold pieces.
You spent 66 gold pieces at shops.

Inventory:

Hand Weapons
 a - a +0 hand axe of chaos
 i - the +5 mace of Wadwicw (weapon) {vorpal, Str+4}
   (You found it on level 2 of the Dungeon)

   It inflicts extra damage upon your enemies.
   Str:       It affects your strength (+4).
Armour
 b - a +2 leather armour (worn)
 e - a +0 cloak (worn)
Wands
 j - a wand of charming (7)
Scrolls
 d - 3 scrolls of identify
 f - a scroll of teleportation
 g - a scroll of vulnerability
 h - 3 scrolls of poison {unknown}
 k - a scroll of summoning {unknown}
 l - a scroll of fog {unknown}
Miscellaneous
 c - a piece from Xom's chessboard (15/15) (quivered)


   Skills:
 + Level 4.8 Fighting
 * Level 5.1 Axes
 - Level 1.5 Armour
 - Level 0.7 Dodging


You had 5 spell levels left.
You didn't know any spells.
Your spell library contained the following spells:

 Spells                   Type           Power      Damage    Failure   Level
 Summon Small Mammal      Summ           0%         N/A       38%         1
 Poisonous Vapours        Pois/Air       0%         N/A       52%         2
 Call Canine Familiar     Summ           0%         N/A       77%         3
 Summon Guardian Golem    Hex/Summ       0%         N/A       77%         3
 Corpse Rot               Necr/Pois/Air  0%         N/A       99%         4


Dungeon Overview and Level Annotations

Branches:
Dungeon (4/15)
 Temple: D:4-7

Altars:
Fedhas

Shops:
D:1 (   D:2 ?

Annotations:
D:4 3 runed translucent doors, BigDaddyOpFi's ghost, amateur HOMo; Menkaure


Innate Abilities, Weirdness & Mutations

You are immune to poison.
Your flesh is cold resistant. (rC+)
You are immune to negative energy. (rN+++)
You are immune to unholy pain and torment.
You are vulnerable to heat. (rF-)
You are in touch with the powers of death.
You do not drink.


Message History

No reachable target in view!
Key pressed, stopping explore.
No reachable target in view!
Key pressed, stopping explore.
No reachable target in view!
Key pressed, stopping explore.
No reachable target in view!
HP restored.
Key pressed, stopping explore.
No target in view!
Menkaure, Prince of Dust comes into view.
Found 6 stones.
Menkaure shouts!
Found a book of the Senses.
Menkaure is nearby!
Menkaure is nearby!
Menkaure casts a spell.
Menkaure seems to speed up.
Menkaure is nearby!
Menkaure barely misses you.
You barely miss Menkaure. Menkaure barely misses you. Menkaure hits you!
You hit Menkaure.
Menkaure is lightly damaged.
Menkaure barely misses you.
You sock Menkaure!
Menkaure is heavily damaged.
Menkaure hits you!
A shower of butterflies erupts from you!
Menkaure barely misses you.
You are too injured to fight recklessly!
You barely miss Menkaure.
Menkaure is heavily damaged.
Menkaure shouts, "You disturbed my rest!
Die!"
Menkaure hits you!!
* * * LOW HITPOINT WARNING * * *
You hit Menkaure but do no damage.
Menkaure is heavily damaged.
Menkaure barely misses you. Menkaure hits you!
You die...
Xom guffaws!

### ### ###
.... #..#o.#8
+.###..#
#..#..## ##.
#..# #..#o...
.?# #..#
#.8##### #
...##..# ##.#
#.# #b .#..#
#.# #...#.
#...# #.#
#....##.b.###
#.#
#..bM@b.....#
#.#
##:#.#b##.#.#
#.#
....###.#.#
#.# #.###
#.#.# #.# #.
#.#.# #.# .
#.#.# #.# #
#.#.# #.#
#.#.# #.#
######.#.#
#.#


You could see Menkaure (fast, ally target).

Vanquished Creatures
  2 black bears (D:4)
  A hound (D:3)
  Ijyb (D:3)
  6 adders
  3 worms
  2 dart slugs
  An orc (D:3)
  13 ball pythons
  6 bats
  7 endoplasms
  A giant cockroach (D:3)
  6 goblins
  3 hobgoblins
  4 quokkas
  2 frilled lizards
  3 kobolds
  6 rats
67 creatures vanquished.

Notes
Turn   | Place    | Note
-------+----------+-------------------------------------------
     0 | D:1      | Zeldest the Mummy Chaos Knight began the quest for the Orb.
     0 | D:1      | Reached XP level 1. HP: 18/18 MP: 1/1
    14 | D:1      | XOM: silly message
   204 | D:1      | Reached XP level 2. HP: 20/24 MP: 2/2
   207 | D:1      | XOM: silly message
   358 | D:1      | Reached skill level 3 in Axes
   432 | D:1      | Found Paywop's Antique Weapon Emporium.
   438 | D:1      | Found a faded altar of an unknown god.
   446 | D:1      | XOM: silly message
   675 | D:2      | Gained mutation: You are in touch with the powers of death.
                  | [Mummy growth]
   675 | D:2      | Reached XP level 3. HP: 29/29 MP: 3/3
  1067 | D:2      | Identified the +5 mace of Wadwicw {vorpal, Str+4}
  1086 | D:2      | Found Minex's Magic Scroll Emporium.
  1094 | D:2      | Reached XP level 4. HP: 33/37 MP: 4/4
  1096 | D:2      | Bought 3 scrolls of identify for 66 gold pieces
  1123 | D:2      | XOM: noise
  1381 | D:2      | XOM: scenery: 1 doors close
  1494 | D:3      | Noticed Ijyb
  1498 | D:3      | XOM: cast spell 'Cause Fear'
  1502 | D:3      | Killed Ijyb
  1503 | D:3      | Reached skill level 4 in Axes
  1517 | D:3      | Reached XP level 5. HP: 38/42 MP: 5/5
  1535 | D:3      | XOM: potion effect (heal wounds)
  1626 | D:3      | Found a blossoming altar of Fedhas.
  1794 | D:3      | XOM: silly message
  1848 | D:3      | XOM: enchant monster (good)
  1969 | D:3      | XOM: divination: detect creatures
  2027 | D:4      | Noticed a black bear
  2033 | D:4      | Killed a black bear
  2034 | D:4      | Reached XP level 6. HP: 31/49 MP: 6/6
  2114 | D:4      | XOM: noise
  2302 | D:4      | XOM: 2-stop teleportation journey
  2307 | D:4      | Reached skill level 5 in Axes
  2377 | D:4      | Found a runed translucent gate.
  2378 | D:4      | Found a runed translucent gate.
  2378 | D:4      | Found a runed translucent gate.
  2381 | D:4      | Noticed BigDaddyOpFi's ghost (amateur HOMo)
  2381 | D:4      | Identified the +5 whip "Simepif" {freeze, Str+3}
  2422 | D:4      | Noticed Menkaure
  2429 | D:4      | XOM: butterfly on damage
  2431 | D:4      | Mangled by Menkaure

Illustrated notes

Levels and vault maps discovered:
D:1:      sevenhm_arrival_forest_fort_large_4, layout_basic,
          basic_ecumenical_altar, serial_shops, shop_statue, minmay_tetromino_l4
D:2:      layout_basic, serial_shops, nicolae_shop_hallway_plus
D:3:      layout_rooms, mainiacjoe_overflow_surrounded_room,
          minmay_fractal_squares_gapless_5, uniq_ijyb
D:4:      layout_loops_ring, biasface_ghost_orc_armoury, nicolae_hexahallways,
          uniq_menkaure

Skill      XL: |  1  2  3  4  5  6 |
---------------+-------------------+-----
Axes           | 3 4 5 |  5.1
Fighting       | 4 |  4.8
Armour         | |  1.5
Dodging        | |  0.7

Action                   |  1- 3 |  4- 6 || total
-------------------------+-------+-------++-------
Melee: Hand axe          |   100 |     4 ||   104
       Punch             |     1 |       ||     1
       Mace              |       |    88 ||    88
  Use: Scroll            |       |     2 ||     2
 Stab: Confused          |     1 |       ||     1
       Sleeping          |       |     1 ||     1
       Petrified         |       |     5 ||     5
Armor: Leather armour    |    39 |    44 ||    83
Dodge: Dodged            |    64 |    69 ||   133
